 Dungeon Crawl Stone Soup version 0.27-a0-1434-g6f15984924 (webtiles) character file.

Game seed: 16477946352907957625

34 funkygono the Bolt Thrower (level 3, 0/22 HPs)
             Began as a Gargoyle Hunter on July 3, 2021.
             Slain by an adder (2 damage)
             ... on level 2 of the Dungeon.
             The game lasted 00:02:39 (1492 turns).

funkygono the Bolt Thrower (Gargoyle Hunter)        Turns: 1492, Time: 00:02:39

Health: 0/22       AC: 11    Str: 16    XL:     3   Next: 31%
Magic:  3/3        EV:  7    Int: 11    God:
Gold:   32         SH:  0    Dex: 10    Spells: 2/2 levels left

rFire    . . .     SeeInvis .   a - +0 whip
rCold    . . .     Faith    .   (no shield)
rNeg     + . .     Spirit   .   k - +0 chain mail
rPois    ∞         Reflect  .   (no helmet)
rElec    +         Harm     .   (no cloak)
rCorr    .         Rampage  .   (no gloves)
Will     .....                  (no boots)
Stlth    ..........             (no amulet)
HPRegen  0.07/turn              (no ring)
MPRegen  0.08/turn              (no ring)

@: no status effects
A: sickness immunity, AC +3, negative energy resistance 1, electricity
resistance, torment resistance 1, petrification resistance
a: no special abilities


You were on level 2 of the Dungeon.
You visited 1 branch of the dungeon, and saw 2 of its levels.

You collected 32 gold pieces.

Inventory:

Hand Weapons
 a - a +0 whip (weapon)
 b - a +1 hand crossbow
 j - a +0 short sword
Missiles
 d - 15 bolts
Armour
 c - a +0 leather armour
 k - a +0 chain mail (worn)
Scrolls
 e - a scroll of teleportation {unknown}
Potions
 h - a potion of might {unknown}
 i - a potion of magic {unknown}
 l - 2 potions of curing


   Skills:
 + Level 2.5 Fighting
 + Level 4.6 Crossbows
 + Level 0.6 Armour
 + Level 1.9 Dodging
 - Level 1.1 Stealth


You had 2 spell levels left.
You didn't know any spells.
Your spell library contained the following spells:

 Spells                   Type           Power      Damage    Failure   Level
 Tukima's Dance           Hex            0%         N/A       100%        3
 Passage of Golubria      Tloc           N/A        N/A       100%        4
 Yara's Violent Unravell  Hex/Tmut       0%         3d3       100%        5


Dungeon Overview and Level Annotations

Branches:
Dungeon (2/15)

Altars:

Annotations:
D:2 Sigmund


Innate Abilities, Weirdness & Mutations

You are immune to sickness and miasma.
Your stone body is resilient. (AC +3)
You are immune to poison.
You resist negative energy. (rN+)
You are resistant to electric shocks. (rElec)
You are resistant to unholy torment.
You are immune to petrification.


Message History

You barely miss the adder.
The adder is severely wounded.
The adder bites you but does no damage. The adder bites you.
You hit the adder but do no damage.
The adder is severely wounded.
The adder bites you but does no damage.
You hit the adder.
The adder is severely wounded.
The adder bites you but does no damage.
You barely miss the adder.
The adder is severely wounded.
The adder bites you.
* * * LOW HITPOINT WARNING * * *
The adder bites you but does no damage.
You barely miss the adder.
The adder is severely wounded.
The adder bites you but does no damage.
You miss the adder.
The adder is severely wounded.
The adder bites you but does no damage. x2
You closely miss the adder.
The adder is severely wounded.
The adder bites you.
* * * LOW HITPOINT WARNING * * *
You closely miss the adder.
The adder is severely wounded.
The adder bites you but does no damage. x2
You closely miss the adder.
The adder is severely wounded.
The adder completely misses you.
You closely miss the adder.
The adder is severely wounded.
The adder bites you.
* * * LOW HITPOINT WARNING * * *
The adder bites you.
* * * LOW HITPOINT WARNING * * *
You closely miss the adder.
The adder is severely wounded.
The adder bites you.
You die...

. ................>..
#.##+##.#...#..#.#####..
#.......#......#........
#......#..###.########.
#...........#.#......#(
#.####.#..#.#.#.####.#.
#.####.#.#.####.#. #.#
#.#.##..... #@#
#<#.##.#... #....S....#
#...##.#### #.........#
#.#<## #(.......)# #.#.#
#.........# #.#.#
#.........# #.#.#
#.........# #.#.#
#.........# #.#.. #.#..


You could see an adder.

Vanquished Creatures
  2 dart slugs (D:1)
  An endoplasm (D:1)
  A giant cockroach (D:1)
  A goblin (D:1)
  A hobgoblin (D:2)
  4 kobolds (D:1)
  3 quokkas (D:1)
  5 ball pythons
  4 bats (D:1)
  3 frilled lizards (D:1)
  3 rats
28 creatures vanquished.

Notes
Turn   | Place    | Note
-------+----------+-------------------------------------------
     0 | D:1      | funkygono the Gargoyle Hunter began the quest for the Orb.
     0 | D:1      | Reached XP level 1. HP: 12/12 MP: 1/1
   143 | D:1      | Reached XP level 2. HP: 17/17 MP: 2/2
   659 | D:1      | Reached XP level 3. HP: 22/22 MP: 3/3
   892 | D:1      | Found a faded altar of an unknown god.
  1318 | D:2      | Noticed Sigmund
  1492 | D:2      | Slain by an adder

Illustrated notes

Levels and vault maps discovered:
D:1:      onia_arrival_mini_maze_b, layout_loops_corners,
          ebering_ecumenical_altar_webs, grunt_decor_one_mirror
D:2:      layout_basic, uniq_sigmund

Action                   || total
-------------------------++-------
Melee: Short sword       ||     8
       Club              ||    18
       Whip              ||    42
 Fire: Hand crossbow     ||    41
  Use: Scroll            ||     3
Armor: Leather armour    ||     7
       Chain mail        ||    38
Dodge: Dodged            ||    26

Table legend: (Time is in decaauts)
 A = Elapsed time spent in this place.
 B = Non-inter-level travel time spent in this place.
 C = Inter-level travel time spent in this place.
 D = Time resting spent in this place.
 E = Time spent auto-exploring this place.
 F = Levels seen in this place.
 G = Mean time per level.
                   A        B        C        D        E       F      G
               +--------+--------+--------+--------+--------+-----+--------+
         Total |   1508 |   1480 |     28 |      0 |   1197 |   2 |  754.0 |
       Dungeon |   1508 |   1480 |     28 |      0 |   1197 |   2 |  754.0 |
               +--------+--------+--------+--------+--------+-----+--------+

Top non-repeatable levels by time:
     D:1: 1350 daAuts
     D:2: 157 daAuts
